 Dungeon Crawl Stone Soup version 0.23.1-37-gaa34b87 (webtiles) character file.

Game seed: 17978821175123248488

879 night the Conjurer (level 7, -5/50 HPs)
             Began as a Black Draconian Conjurer on Mar 27, 2019.
             Was a Believer of Vehumet.
             Killed by nerve-wracking pain
             ... invoked by an orc priest
              (11 damage)
             ... on level 5 of the Dungeon.
             The game lasted 00:24:03 (5628 turns).

night the Conjurer (Black Draconian Conjurer)       Turns: 5628, Time: 00:24:04

Health: -5/50      AC: 16    Str: 10    XL:     7   Next: 75%
Magic:  1/15       EV: 12    Int: 18    God:    Vehumet [**....]
Gold:   313        SH:  0    Dex: 11    Spells: 3/17 levels left

rFire    . . .     SeeInvis .   g - +2 dagger (protect)
rCold    . . .     Gourm    .   (no shield)
rNeg     . . .     Faith    .   (armour unavailable)
rPois    .         Spirit   .   (helmet restricted)
rElec    +         Reflect  .   (no cloak)
rCorr    .         Harm     .   y - +0 pair of gloves
MR       .....                  o - +1 pair of boots
Stlth    ++........             (no amulet)
HPRegen  0.16/turn              s - ring of wizardry
MPRegen  0.14/turn              (no ring)

@: short of breath, protection aura
A: breathe lightning, unfitting armour, electricity resistance, cold-blooded, AC
+6
a: Breathe Lightning, Renounce Religion


You were on level 5 of the Dungeon.
You worshipped Vehumet.
Vehumet was pleased with you.
You were hungry.

You visited 1 branch of the dungeon, and saw 5 of its levels.
You also visited: Ossuary.

You collected 313 gold pieces.

Inventory:

Hand Weapons
 d - a +1 dagger of holy wrath
 g - a +2 dagger of protection (weapon)
Missiles
 c - 186 stones (quivered)
Armour
 o - a +1 pair of boots (worn)
 y - a +0 pair of gloves (worn)
Jewellery
 s - a ring of wizardry (left hand)
Wands
 t - a wand of random effects (12)
Scrolls
 a - a scroll of random uselessness {unknown}
 e - 3 scrolls of enchant armour
 f - 3 scrolls of immolation
 h - a scroll of enchant weapon
 i - a scroll of noise {unknown}
 j - a scroll of teleportation
 p - 2 scrolls of amnesia {unknown}
 q - 6 scrolls of identify {unknown}
 r - 3 scrolls of magic mapping
 u - 2 scrolls of remove curse {unknown}
 w - a scroll of fear {unknown}
Potions
 k - 2 potions of berserk rage {unknown}
 l - a potion of magic {unknown}
 m - a potion of curing
 n - a potion of invisibility {unknown}
 v - 2 potions of brilliance {unknown}
 z - a potion of degeneration {unknown}
 A - 3 potions of haste {unknown}
 B - a potion of ambrosia {unknown}
 C - 2 potions of flight {unknown}
Comestibles
 b - 9 rations


   Skills:
 - Level 1.7 Dodging
 - Level 1.7 Stealth
 + Level 5.5 Spellcasting
 + Level 7.0 Conjurations
 + Level 2.8 Hexes


You had 3 spell levels left.
You knew the following spells:

 Your Spells              Type           Power        Failure   Level  Hunger
a - Magic Dart            Conj           ####         1%          1    None
b - Searing Ray           Conj           ####..       1%          2    None
c - Dazzling Spray        Conj/Hex       ###...       1%          3    ##.....
d - Iskenderun's Mystic   Conj           ####....     2%          4    ####...
e - Fulminant Prism       Conj/Hex       ###.......   6%          4    ####...

Your spell library contained the following spells:

 Spells                   Type           Power        Failure   Level  Hunger
 Throw Flame              Conj/Fire      ###...       1%          2    None
 Force Lance              Conj/Tloc      ###.....     12%         4    ####...


Dungeon Overview and Level Annotations

Branches:
Dungeon (5/15)
 Temple: D:4-7

Altars:
Elyvilon
Makhleb
Nemelex Xobeh
Vehumet
Xom


Innate Abilities, Weirdness & Mutations

You can breathe wild blasts of lightning.
Your glossy black scales are hard. (AC +6)
You cannot fit into any form of body armour.
You are resistant to electric shocks. (rElec)
You are cold-blooded and may be slowed by cold attacks.


Message History

* * * LOW HITPOINT WARNING * * *
Your fulminant prism explodes!
The blast of energy engulfs the orc!
You kill the orc!
Vehumet accepts your kill.
The blast of energy engulfs the orc priest!
The orc priest is almost dead.
The blast of energy engulfs the orc priest!
The orc priest is almost dead.
Evoke which item? (* to show all) (? for menu, Esc to quit)
Okay, then.
Casting: Fulminant Prism (safe; 6% risk of failure)
Confirm with . or Enter, or press ? or * to list all spells.
Aiming: Iskenderun's Mystic Blast (safe; 2% risk of failure)
Press: ? - help, Shift-Dir - straight line, f - orc priest
Aim: an orc priest, wielding a +0 whip (almost dead)
The orb of energy misses the orc priest.
The orc priest invokes the aid of Beogh against you.
Pain shoots through your body!
You die...

#.# #.## ... #.#. #.#
#.#. ## #.# #.#. ... #.#
#... .... ### #.# ###.
..... ##.###.# #.
.).).†####...#..########.
...).)o†@................
.....o####...#.#########.
..!.. ##.##.# ## ...$
####.# ## ... #.# #. #'
#.# #. # #.# #. ..# #.
### #.


You could see 2 orc priests.

Vanquished Creatures
  A sky beast (D:5)
  2 ogres (D:5)
  An elf zombie (Ossuary)
  2 scorpions
  A crimson imp (D:4)
  An orc wizard (D:5)
  3 worker ants
  Terence (D:2)
  A big kobold zombie (Ossuary)
  4 hound zombies
  4 mummies (Ossuary)
  3 gnolls (D:3)
  5 adders
  An adder zombie (Ossuary)
  A worm (D:2)
  3 dart slugs
  2 leopard geckos
  4 orcs (D:5)
  A giant cockroach (D:3)
  A gnoll zombie (Ossuary)
  7 goblins
  4 hobgoblins
  12 jackals
  9 kobolds
  3 quokkas
  2 ball pythons (D:3)
  12 bats
  6 frilled lizards
  4 goblin zombies (Ossuary)
  A leopard gecko skeleton (D:5)
  A leopard gecko zombie (D:5)
  A quokka skeleton (D:5)
  8 rats
  2 rat zombies (Ossuary)
  A butterfly (D:3)
115 creatures vanquished.

Vanquished Creatures (others)
  A rat (D:2)
  5 fulminant prisms
6 creatures vanquished.

Grand Total: 121 creatures vanquished

Notes
Turn   | Place    | Note
-------+----------+-------------------------------------------
     0 | D:1      | night the Draconian Conjurer began the quest for the Orb.
     0 | D:1      | Reached XP level 1. HP: 14/14 MP: 3/3
   202 | D:1      | Reached XP level 2. HP: 14/20 MP: 0/5
   210 | D:1      | Learned a level 2 spell: Searing Ray
   970 | D:1      | Reached XP level 3. HP: 26/26 MP: 2/7
   975 | D:1      | Learned a level 3 spell: Dazzling Spray
  1842 | D:2      | Noticed Terence
  1866 | D:2      | Killed Terence
  1866 | D:2      | Reached skill level 5 in Conjurations
  1866 | D:2      | Reached XP level 4. HP: 30/33 MP: 2/8
  2083 | D:2      | Found a radiant altar of Vehumet.
  2090 | D:2      | Became a worshipper of Vehumet
  2371 | D:3      | Found a burning altar of Makhleb.
  2679 | D:3      | Found a shimmering altar of Xom.
  2844 | D:3      | Reached XP level 5. HP: 38/38 MP: 6/10
  3157 | D:3      | Found a sparkling altar of Nemelex Xobeh.
  3424 | D:4      | Found a sand-covered staircase.
  3429 | Ossuary  | Entered an ossuary
  3458 | Ossuary  | Reached * piety under Vehumet
  3458 | Ossuary  | Offered knowledge of Sandblast by Vehumet.
  3583 | Ossuary  | Reached XP level 6. HP: 9/45 MP: 4/12
  3597 | Ossuary  | HP: 2/45 [mummy (3)]
  3618 | Ossuary  | Reached skill level 6 in Conjurations
  4104 | D:4      | Learned a level 4 spell: Iskenderun's Mystic Blast
  4109 | D:4      | Learned a level 4 spell: Fulminant Prism
  4979 | D:5      | Entered Level 5 of the Dungeon
  5007 | D:5      | Reached skill level 1 in Hexes
  5007 | D:5      | Your scales start taking on a glossy black colour.
  5007 | D:5      | Reached XP level 7. HP: 31/50 MP: 8/14
  5007 | D:5      | Gained mutation: You are resistant to electric shocks.
                  | (rElec) [Black Draconian growth]
  5134 | D:5      | Reached skill level 5 in Spellcasting
  5224 | D:5      | Found a white marble altar of Elyvilon.
  5609 | D:5      | Reached skill level 7 in Conjurations
  5619 | D:5      | Reached ** piety under Vehumet
  5619 | D:5      | Offered knowledge of Throw Flame by Vehumet.
  5628 | D:5      | Killed from afar by an orc priest

Skill      XL: |  1  2  3  4  5  6  7 |
---------------+----------------------+-----
Spellcasting   | 3 4 5 |  5.5
Conjurations   | 5 6 7 |  7.0
Hexes          | 1 2 |  2.8
Dodging        | |  1.7
Stealth        | |  1.7

Action                   |  1- 3 |  4- 6 |  7- 9 || total
-------------------------+-------+-------+-------++-------
Melee: Unarmed           |    29 |       |       ||    29
       Tailslap          |     9 |    10 |     5 ||    24
       Dagger            |    43 |    77 |    47 ||   167
 Cast: Magic Dart        |    79 |    95 |    19 ||   193
       Searing Ray       |     1 |     8 |     2 ||    11
       Dazzling Spray    |     1 |       |       ||     1
       Iskenderun's Myst |       |     2 |     1 ||     3
       Fulminant Prism   |       |     1 |     4 ||     5
 Abil: Breathe Lightning |       |       |     1 ||     1
Evoke: Wand              |       |     3 |       ||     3
  Use: Scroll            |       |     6 |       ||     6
       Potion            |       |       |     1 ||     1
  Eat: Chunk             |     4 |     5 |     4 ||    13
       Ration            |       |     1 |       ||     1
Armor: Skin              |    28 |    50 |    30 ||   108
Dodge: Dodged            |    64 |    76 |    48 ||   188
